Map: Ulrena

Players

Itchimaru - Winner!

  • Race: Zerg Zerg
  • League: Gold

Plutonun

  • Race: Protoss Protoss
  • League: Silver

VOD

Have the link to the VOD?

Description

Time

  • Played on: Nov. 11, 2015, 11:32 a.m.
  • Length: 13:46
Show
View Real Time Build Order
Export as new Build Order

Itchimaru Zerg - Winner!

Build Orders: Hatch First, Lurkers 

Get SALT Encoding   

  12  0:02  Drone  
  13  0:13  Drone  
  14  0:17  Overlord  
  14  0:37  Drone x3  
  17  0:54  Hatchery  
  16  0:59  Drone  
  16  1:00  Drone  
  18  1:10  Drone  
  19  1:13  Extractor  
  18  1:22  Spawning Pool  
  17  1:25  Drone  
  18  1:33  Drone  
  19  1:43  Overlord  
  19  1:54  Drone  
  20  2:03  Drone  
  21  2:11  Drone  
  22  2:16  Queen  
  24  2:22  Hatchery  
  23  2:30  Drone x2  
  23  2:31  Drone  
  23  2:35  Queen  
  28  2:40  Drone  
  29  2:44  Extractor  
  29  2:47  Drone x2  
  30  2:52  Overlord  
  30  2:59  Drone  
  30  3:00  Drone  
  32  3:10  Roach Warren  
  32  3:11  Drone x2  
  33  3:18  Drone  
  33  3:19  Drone  
  35  3:22  Drone  
  35  3:26  Evolution Chamber  
  35  3:32  Evolution Chamber  
  34  3:34  Spore Crawler  
  34  3:35  Drone  
  34  3:37  Drone  
  34  3:40  Drone  
  36  3:42  Drone  
  36  3:44  Drone  
  38  3:52  Queen  
  40  3:57  Zerg Missile Weapons Level 1  
  40  3:59  Drone  
  40  4:02  Drone  
  42  4:03  Drone  
  42  4:04  Drone  
  42  4:06  Drone  
  45  4:13  Roach x2  
  49  4:28  Drone  
  49  4:29  Overlord x3  
  50  4:34  Spore Crawler  
  50  4:35  Extractor  
  48  4:40  Zerg Ground Armor Level 1  
  48  4:42  Drone x2  
  48  4:44  Lair  
  50  4:46  Overlord  
  50  4:49  Drone x2  
  52  4:57  Drone x2  
  52  4:58  Drone  
  52  4:59  Drone x2, Extractor  
  56  5:01  Drone  
  58  5:07  Drone  
  58  5:08  Drone x4  
  62  5:18  Roach x4  
  70  5:24  Spore Crawler  
  70  5:27  Overlord  
  70  5:28  Overlord  
  69  5:46  Drone x2  
  69  5:47  Drone x5, Roach x5  
  69  5:48  Drone  
  69  5:49  Drone  
  88  6:00  Extractor  
  88  6:02  Drone x2  
  88  6:03  Extractor  
  88  6:04  Roach  
  88  6:06  Overlord x2  
  88  6:08  Overseer  
  88  6:10  Zerg Missile Weapons Level 2  
  90  6:20  Overlord x3  
  90  6:21  Overlord  
  90  6:26  Glial Reconstitution  
  90  6:30  Burrow  
  90  6:31  Roach x4  
  98  6:47  Hydralisk Den  
  98  6:52  Roach  
  98  6:53  Roach x6  
  98  6:54  Roach  
  113  7:15  Hatchery, Roach  
  114  7:16  Roach x8  
  130  7:29  Overlord x3  
  130  7:38  Zerg Ground Armor Level 2  
  130  7:41  Muscular Augments  
  130  7:45  Tunneling Claws  
  130  7:47  Ravager  
  130  7:48  Ravager x3  
  134  7:52  Drone x3  
  134  7:53  Drone x3  
  140  8:21  Ravager x5  
  140  8:23  Zergling x18  
  140  8:24  Overlord  
  140  8:25  Overlord x3  
  154  8:38  Infestation Pit  
  154  8:39  Queen  
  155  8:41  Extractor  
  155  8:44  Extractor  
  124  9:03  Roach  
  124  9:04  Roach x19  
  103  9:36  Queen  
  98  9:39  Roach x11  
  98  9:40  Roach x3  
  126  9:46  Hive  
  126  9:54  Lurker Den  
  126  10:06  Hydralisk  
  128  10:07  Hydralisk x8  
  144  10:16  Roach x16  
  144  10:22  Drone  
  144  10:23  Drone x3  
  144  10:24  Drone x2  
  144  10:25  Drone x5  
  155  10:36  Hydralisk x4  
  155  10:37  Hydralisk x2  
  155  10:38  Hydralisk x6  
  155  10:39  Hydralisk  
  149  10:43  Roach x24  
  145  10:53  Hydralisk x9  
  145  10:54  Hydralisk x8  
  179  11:19  Drone x2  
  179  11:20  Drone x2  
  183  11:34  Hydralisk x2  
  183  11:35  Roach x2  
  183  11:36  Hatchery  
  183  11:38  Lurker x2  
  192  11:41  Overlord x3  
  192  11:45  Hatchery  
  191  11:49  Hatchery  
  190  12:27  Lurker x5  
  190  12:28  Lurker x5  
  159  13:09  Roach  
  159  13:10  Roach x20  
Show
View Real Time Build Order
Export as new Build Order

Plutonun Protoss 

Build Orders: 1 Gate Expand 

Get SALT Encoding   

  12  0:01  Probe (Chrono Boost)  
  13  0:11  Probe (Chrono Boost)  
  14  0:19  Pylon  
  14  0:23  Probe (Chrono Boost)  
  15  0:38  Probe (Chrono Boost)  
  16  0:44  Gateway  
  16  0:48  Probe (Chrono Boost)  
  17  0:56  Assimilator  
  17  0:59  Probe (Chrono Boost)  
  18  1:09  Probe (Chrono Boost)  
  19  1:20  Probe (Chrono Boost)  
  20  1:31  Nexus  
  20  1:41  Cybernetics Core  
  20  1:46  Probe (Chrono Boost)  
  21  1:53  Assimilator  
  20  1:55  Zealot  
  20  1:56  Probe (Chrono Boost)  
  23  2:04  Pylon  
  23  2:22  Mothership Core (Chrono Boost)  
  25  2:27  Pylon  
  25  2:30  Warp Gate (Chrono Boost)  
  25  2:38  Stalker  
  25  2:40  Probe (Chrono Boost)  
  28  2:51  Probe x2 (Chrono Boost)  
  30  3:01  Probe (Chrono Boost)  
  30  3:02  Probe (Chrono Boost)  
  30  3:04  Pylon  
  32  3:12  Probe x2 (Chrono Boost)  
  34  3:16  Robotics Facility  
  34  3:22  Sentry, Probe (Chrono Boost)  
  37  3:33  Probe (Chrono Boost)  
  38  3:35  Gateway  
  38  3:38  Probe (Chrono Boost)  
  39  3:43  Probe (Chrono Boost)  
  39  3:48  Probe (Chrono Boost)  
  41  3:52  Gateway  
  41  3:56  Probe, Pylon  
  42  4:04  Observer (Chrono Boost)  
  42  4:08  Probe  
  45  4:10  Probe  
  45  4:16  Pylon  
  45  4:20  Probe  
  45  4:21  Forge  
  45  4:22  Probe  
  47  4:26  Observer (Chrono Boost)  
  48  4:32  Probe  
  48  4:34  Probe, Assimilator  
  48  4:36  Stalker x2  
  48  4:37  Assimilator  
  54  4:44  Probe  
  55  4:46  Probe  
  55  4:47  Immortal (Chrono Boost)  
  60  4:55  Protoss Ground Weapons Level 1 (Chrono Boost)  
  60  4:56  Probe  
  60  4:59  Photon Cannon  
  61  5:08  Probe  
  62  5:19  Sentry x2  
  62  5:20  Probe, Zealot, Immortal  
  73  5:32  Probe x2  
  75  5:39  Pylon  
  75  5:42  Gateway  
  75  5:44  Gateway x2  
  75  5:54  Warp Prism  
  75  5:57  Photon Cannon  
  75  5:59  Probe  
  75  6:03  Pylon  
  78  6:08  Sentry x3  
  84  6:26  Immortal  
  84  6:27  Gateway  
  84  6:28  Gateway  
  84  6:30  Pylon  
  88  6:35  Pylon  
  88  6:36  Protoss Ground Armor Level 1 (Chrono Boost)  
  88  6:38  Stalker x2  
  88  6:39  Stalker  
  94  7:00  Probe  
  95  7:02  Stalker  
  95  7:03  Stalker x2  
  95  7:04  Sentry x2  
  95  7:05  Stalker  
  105  7:33  Stalker  
  105  7:34  Zealot  
  109  7:41  Pylon  
  109  7:43  Pylon  
  109  7:44  Pylon  
  109  7:53  Nexus  
  109  7:57  Pylon  
  109  7:58  Assimilator  
  109  8:01  Assimilator  
  109  8:05  Stalker x3  
  113  8:06  Stalker x3  
  113  8:12  Sentry x2  
  125  8:31  Stalker x3  
  125  8:32  Stalker x3  
  135  8:49  Stalker x2  
  98  9:15  Stalker x4  
  98  9:16  Zealot x4  
  96  9:21  Immortal  
  62  9:50  Sentry x2  
  62  9:51  Sentry, Stalker  
  62  9:52  Stalker x3  
  76  9:53  Zealot  
  76  9:55  Immortal  
  78  10:00  Probe  
  78  10:01  Pylon  
  78  10:03  Photon Cannon  
  78  10:04  Probe x2  
  85  10:22  Pylon  
  85  10:26  Twilight Council  
  85  10:27  Pylon  
  85  10:28  Protoss Shields Level 1 (Chrono Boost)  
  85  10:31  Probe x2  
  79  10:58  Photon Cannon  
  79  10:59  Pylon  
  79  11:01  Nexus  
  79  11:05  Stalker x2, Pylon  
  79  11:07  Sentry x3  
  79  11:08  Sentry  
  91  11:12  Observer  
  92  11:26  Photon Cannon  
  92  11:28  Photon Cannon  
  92  11:32  Probe x2  
  94  11:44  Sentry x3, Probe x2  
  94  11:45  Stalker  
  94  11:46  Stalker  
  106  11:50  Stalker  
  108  11:57  Pylon  
  108  12:03  Photon Cannon  
  108  12:13  Stargate  
  108  12:36  Probe  
  109  12:48  Pylon  
  109  12:50  Pylon  
  107  13:17  Nexus  
  107  13:21  Photon Cannon  
  107  13:22  Photon Cannon  
  102  13:40  Robotics Bay  
Tags
 
Composition
Lurkers
Matchup
PvZ
Replay Pack
1st pack
Add a new tag
Caveats
  • Supply blocks, unpowered buildings, or Contaminate may cause inaccurate times.
  • Supply counts are checked every 10 seconds.